 Dungeon Crawl Stone Soup version 0.20-a0-739-g6bb112f (webtiles) character file.

100 polly the Chopper (level 4, -4/41 HPs)
             Began as a Minotaur Berserker on Feb 25, 2017.
             Was a Believer of Trog.
             Slain by an iron imp (6 damage)
             ... summoned by Natasha
             ... on level 2 of the Dungeon.
             The game lasted 00:01:38 (893 turns).

polly the Chopper (Minotaur Berserker)               Turns: 893, Time: 00:01:39

Health: -4/41      AC:  2    Str: 23    XL:     4   Next: 47%
Magic:  3/3        EV: 12    Int:  4    God:    Trog [**....]
Gold:   82         SH:  0    Dex:  9    Spells: 3/3 levels left

rFire    . . .     SeeInvis .   a - +0 hand axe
rCold    + . .     Gourm    .   b - +0 animal skin
rNeg     . . .     Faith    +   (no shield)
rPois    .         Spirit   .   (helmet restricted)
rElec    .         Reflect  .   (no cloak)
rCorr    .         Harm     .   (no gloves)
MR       +....                  (no boots)
Stlth    +.........             j - amulet of faith
Regen    0.2/turn               s - ring of protection from cold
MPRegen  0.1/turn               g - ring of protection from magic

@: no status effects
A: retaliatory headbutt, horns 2
a: Berserk, Trog's Hand, Burn Spellbooks, Renounce Religion


You were on level 2 of the Dungeon.
You worshipped Trog.
Trog was pleased with you.
You were not hungry.

You visited 1 branch of the dungeon, and saw 2 of its levels.

You collected 82 gold pieces.

Inventory:

Hand Weapons
 a - a +0 hand axe (weapon)
Armour
 b - a +0 animal skin (worn)
Jewellery
 g - a ring of protection from magic (left hand)
 j - an amulet of faith (around neck)
 s - a ring of protection from cold (right hand)
Wands
 q - a wand of flame (14/48)
Scrolls
 f - 3 scrolls of remove curse
 h - 5 scrolls of identify {unknown}
 l - 2 scrolls of recharging {unknown}
 p - 2 scrolls of immolation {unknown}
Potions
 d - a potion of heal wounds {unknown}
 e - a potion of mutation {unknown}
 k - a potion of curing {unknown}
 o - a potion of flight {unknown}
Comestibles
 c - 4 bread rations
 i - 2 royal jellies
 n - 3 meat rations
 r - 2 fruits


   Skills:
 + Level 4.9 Fighting
 + Level 5.1 Axes
 + Level 2.8 Armour
 + Level 2.3 Dodging
 + Level 0.1 Stealth


You had 3 spell levels left.
You didn't know any spells.

Dungeon Overview and Level Annotations

Branches:
Dungeon (2/15)

Altars:
Wu Jian
Zin

Annotations:
D:2 Natasha


Innate Abilities, Weirdness & Mutations

You reflexively headbutt those who attack you in melee.
You have a pair of horns on your head.


Message History

The iron imp hits you but does no damage.
You slash Natasha!
Natasha is heavily wounded.
You hit the iron imp but do no damage.
You hit the crimson imp but do no damage.
Natasha barely misses you.
The crimson imp hits you but does no damage.
The iron imp hits you but does no damage.
Unknown command.
Unknown command.
You barely miss Natasha.
Natasha is heavily wounded.
You hit the crimson imp but do no damage.
You hit the iron imp but do no damage.
You feel less wooden.
Your +0 animal skin unmelds from your body.
Natasha claws you!
* * * LOW HITPOINT WARNING * * *
The crimson imp closely misses you. The iron imp hits you.
You die...

#†.......# †.......(#
#........# ....######
#........# ....######
#........#
.........###........#
##..####.#.+.....[..#
##..#......#........#
##..#..#......555h.)#
...........>##+#@#
...#.........#.#.#
.###.#..<##..#.#.#
.......####..#.#.#
.####..........#.# .#
##.#####.....# .#
#.....†.##### .#
########### .#
#......#


You could see an iron imp, Natasha and 2 crimson imps.

Vanquished Creatures
  Natasha (D:2)
  2 adders (D:2)
  An ooze (D:1)
  2 dart slugs
  2 leopard geckos (D:1)
  3 bats
  4 giant cockroaches
  5 goblins
  9 hobgoblins
  5 kobolds
  A ball python (D:1)
  4 frilled lizards
  6 rats
45 creatures vanquished.

Notes
Turn   | Place    | Note
-------+----------+-------------------------------------------
     0 | D:1      | polly the Minotaur Berserker began the quest for the Orb.
     0 | D:1      | Reached XP level 1. HP: 19/19 MP: 0/0
    81 | D:1      | Reached XP level 2. HP: 21/27 MP: 1/1
   108 | D:1      | Reached skill level 4 in Axes
   258 | D:1      | Reached ** piety under Trog
   267 | D:1      | Reached XP level 3. HP: 22/33 MP: 2/2
   780 | D:2      | Found a glowing silver altar of Zin.
   780 | D:2      | Found an ornate altar of the Wu Jian Council.
   853 | D:2      | Noticed Natasha
   863 | D:2      | Killed Natasha
   863 | D:2      | Reached skill level 5 in Axes
   863 | D:2      | Reached XP level 4. HP: 25/41 MP: 3/3
   872 | D:2      | Noticed Natasha
   893 | D:2      | HP: 2/41 [Natasha (7)]
   893 | D:2      | Slain by an iron imp

Vault maps used:
D:1:      mrwooster_arrival_statue_2, minmay_misc_feat_nine_boxes,
          grunt_decor_mini_mirrors, minivault_5, minmay_surrounded
D:2:      gammafunk_temple_overflow_elements, first_bread, uniq_natasha

Skill      XL: |  1  2  3 |
---------------+----------+-----
Axes           | 4 5 |  5.1
Fighting       | 4 |  4.9
Armour         | |  2.8
Dodging        | |  2.3
Stealth        | |  0.1

Action                   |  1- 3 |  4- 6 || total
-------------------------+-------+-------++-------
Melee: Hand axe          |    84 |    15 ||    99
       Headbutt          |    15 |       ||    15
  Use: Scroll            |     1 |       ||     1
Armor: Animal skin       |    11 |       ||    11
       Skin              |       |    16 ||    16
Dodge: Dodged            |    52 |     4 ||    56
